 Dungeon Crawl Stone Soup version 0.30-a0-1035-g38d5fb2972 (webtiles) character file.

Game seed: 11939787931042177330

13 PimpSugar the Magician (level 2, -1/22 HPs)
             Began as a Djinni Hedge Wizard on Apr 9, 2023.
             Slain by a jackal (2 damage)
             ... on level 1 of the Dungeon.
             The game lasted 00:01:56 (385 turns).

PimpSugar the Magician (Djinni Hedge Wizard)         Turns: 385, Time: 00:01:56

Health: -1/22      AC:  2    Str:  9    XL:     2   Next: 50%
Gold:   50         EV: 12    Int: 15    God:
                   SH:  0    Dex: 12

rFire   + + .      SeeInvis .    a - +0 dagger
rCold   x . .      Faith    .    (no shield)
rNeg    . . .      Spirit   .    b - +0 robe
rPois   ∞          Reflect  .    c - +0 hat
rElec   .          Rampage  .    (no cloak)
rCorr   .                        (no gloves)
Will    .....                    (boots unavailable)
Stlth   ++                       (no amulet)
HPRegen 0.23/turn                (no ring)
MPRegen 0.00/turn                (no ring)

@: flying
A: sickness immunity, fire resistance 2, cold vulnerability 1, float, innate
caster, HP casting, extra vitality 1
a: no special abilities


You were on level 1 of the Dungeon.
You visited 1 branch of the dungeon, and saw 1 of its levels.

You collected 50 gold pieces.

Inventory:

Hand Weapons
 a - a +0 dagger (weapon)
Missiles
 d - 12 stones
Armour
 b - a +0 robe (worn)
 c - a +0 hat (worn)
Scrolls
 e - a scroll of blinking {unknown}
 h - a scroll of identify {unknown}
 i - a scroll of fear {unknown}
Potions
 f - 2 potions of attraction {unknown}
 g - a potion of ambrosia {unknown}


   Skills:
 + Level 0.6 Fighting
 + Level 2.4 Dodging
 + Level 1.8 Stealth
 * Level 2.6 Spellcasting


You knew the following spells:

 Your Spells              Type           Power      Damage    Failure   Level
a - Magic Dart            Conj           36%        1d4       7%          1
b - Call Imp              Summ           18%        N/A       11%         2
c - Mephitic Cloud        Conj/Pois/Air  9%         N/A       22%         3
d - Slow                  Hex            36%        N/A       7%          1
e - Blink                 Tloc           18%        N/A       11%         2
Your spell library was empty.

Dungeon Overview and Level Annotations

Branches:
Dungeon (1/15)

Altars:


Innate Abilities, Weirdness & Mutations

You are immune to sickness and miasma.
You are immune to poison.
Your flesh is very heat resistant. (rF++)
You are vulnerable to cold. (rC-)
You float through the air rather than walking.
You learn spells naturally, not from books.
Your magical power is your life essence.
You have superior vitality. (+4 MHP)


Message History

The jackal is moderately wounded.
The jackal bites you but does no damage.
The jackal bites you.
Your cerulean imp misses the jackal.
You hit the jackal but do no damage.
The jackal is moderately wounded.
The jackal closely misses you. The jackal misses you.
Your cerulean imp completely misses the jackal.
The jackal bites you.
A jackal comes into view.
The jackal bites you. The jackal closely misses you.
Your cerulean imp barely misses the jackal.
You see here a jackal corpse.
The jackal attacks as you move away! The jackal bites you.
Your cerulean imp barely misses the jackal.
The jackal misses you.
Your cerulean imp hits the jackal with a -3 spear.
The jackal dies!
The jackal attacks as you move away! The jackal closely misses you.
Your cerulean imp closely misses the jackal.
You miss the jackal. The jackal barely misses you.
The jackal bites you but does no damage.
Your cerulean imp hits the jackal from afar with a -3 spear.
You closely miss the jackal. The jackal bites you.
* * * LOW HITPOINT WARNING * * *
Your cerulean imp hits the jackal but does no damage.
The jackal attacks as you move away! The jackal bites you.
* * * LOW HITPOINT WARNING * * *
You hit the jackal.
The jackal is heavily wounded.
The jackal misses you.
Your cerulean imp hits the jackal from afar with a -3 spear.
The jackal dies!
The jackal misses you.
You barely miss the jackal.
The jackal is heavily wounded.
The jackal bites you.
* * * LOW HITPOINT WARNING * * *
The jackal attacks as you move away! The jackal bites you.
You die...

#......#.. .
#............
#.##.##......#
#.##.##......#
#....##.....
#.#####.####
#.#####...
####........#
#...>..####@# ###
#.##.#.# #h# .h
#.##.#.####†# .#
#.##.......5##.##.#
#.####.####††.....#
#.####.# #.$..####
#...†..# ######
########


You could see a jackal (ally target) and a friendly cerulean imp (summoned).

Vanquished Creatures
  A ball python (D:1)
  A giant cockroach (D:1)
  2 kobolds (D:1)
  A frilled lizard (D:1)
  4 rats (D:1)
9 creatures vanquished.

Vanquished Creatures (collateral kills)
  3 jackals (D:1)
3 creatures vanquished.

Grand Total: 12 creatures vanquished

Notes
Turn   | Place    | Note
-------+----------+-------------------------------------------
     0 | D:1      | PimpSugar the Djinni Hedge Wizard began the quest for the
                  | Orb.
     0 | D:1      | PimpSugar set off with the following spells memorised:
                  | Magic Dart, Slow, Blink, Call Imp, Mephitic Cloud.
     0 | D:1      | Reached XP level 1. HP: 15/15 MP: 0/0
   227 | D:1      | Reached XP level 2. HP: 17/22 MP: 0/0
   384 | D:1      | HP: 1/22 [jackal (3)]
   385 | D:1      | Slain by a jackal

Illustrated notes

Levels and vault maps discovered:
D:1:      lightli_arrival_chessboard, layout_loops_cross, nrook_campfire

Action                     || total
---------------------------++-------
  Melee: Dagger            ||    12
   Cast: Magic Dart        ||    21
         Slow              ||    10
         Call Imp          ||     1
 Armour: Robe              ||     3
  Dodge: Dodged            ||    21

Table legend: (Time is in decaauts)
 A = Elapsed time spent in this place.
 B = Non-inter-level travel time spent in this place.
 C = Inter-level travel time spent in this place.
 D = Time resting spent in this place.
 E = Time spent auto-exploring this place.
 F = Levels seen in this place.
 G = Mean time per level.
                   A        B        C        D        E       F      G
               +--------+--------+--------+--------+--------+-----+--------+
         Total |    385 |    385 |      0 |      0 |    259 |   1 |  385.0 |
       Dungeon |    385 |    385 |      0 |      0 |    259 |   1 |  385.0 |
               +--------+--------+--------+--------+--------+-----+--------+

Top non-repeatable levels by time:
     D:1: 385 daAuts
